Map: Néo-Gettysburg EC

Players

cOsTa - Winner!

  • Race: Zerg Zerg

RedBaron

  • Race: Zerg Zerg

VOD

Have the link to the VOD?

Description

Time

  • Played on: Oct. 19, 2016, 10:06 a.m.
  • Length: 5:48
Show
View Real Time Build Order
Export as new Build Order

cOsTa Zerg - Winner!

Build Orders: Pool First 

Get SALT Encoding   

  12  0:01  Drone  
  13  0:08  Drone  
  14  0:18  Overlord  
  14  0:24  Extractor  
  14  0:28  Drone  
  15  0:36  Drone  
  15  0:37  Drone  
  17  0:50  Spawning Pool  
  17  0:53  Extractor  
  15  1:17  Unknown, Hatchery  
  14  1:36  Zergling x2  
  14  1:37  Zergling x4  
  17  1:47  Queen  
  17  1:49  Zergling x2  
  20  2:02  Zergling x2  
  21  2:11  Spine Crawler  
  20  2:16  Zergling x2  
  20  2:21  Metabolic Boost  
  21  2:28  Unknown  
  21  2:33  Baneling Nest  
  19  2:45  Zergling x4  
  21  2:58  Zergling x4  
  22  3:11  Zergling x2  
  22  3:12  Zergling x4  
  21  3:23  Zergling x4  
  23  3:36  Baneling x2  
  23  3:37  Zergling x2  
  24  3:49  Zergling x4  
  25  4:03  Zergling x4  
  26  4:24  Drone  
  26  4:25  Drone  
  26  4:26  Baneling x2  
  28  4:32  Spine Crawler  
  28  4:33  Drone  
  28  4:48  Overlord  
  28  5:07  Baneling  
  28  5:21  Baneling x3  
  27  5:30  Baneling x3  
Show
View Real Time Build Order
Export as new Build Order

RedBaron Zerg 

Build Orders: Hatch First 

Get SALT Encoding   

  12  0:02  Drone  
  13  0:15  Overlord  
  13  0:23  Drone  
  14  0:35  Drone x2  
  16  0:39  Drone  
  17  1:00  Unknown, Hatchery  
  16  1:05  Drone  
  16  1:11  Extractor  
  16  1:13  Drone x2  
  18  1:27  Spawning Pool  
  18  1:29  Drone  
  18  1:34  Drone  
  19  1:42  Overlord  
  19  1:53  Drone  
  20  2:11  Unknown  
  20  2:14  Zergling x6  
  23  2:16  Queen  
  23  2:17  Queen  
  27  2:29  Zergling x4  
  28  2:43  Zergling x4  
  28  2:49  Zergling x4  
  27  3:01  Spine Crawler  
  27  3:03  Zergling x4  
  27  3:08  Queen  
  26  3:13  Zergling x4  
  26  3:18  Baneling Nest, Zergling x2  
  25  3:33  Zergling x8  
  29  3:40  Metabolic Boost  
  29  3:44  Zergling x2  
  30  4:02  Zergling x8  
  34  4:03  Zergling x2  
  33  4:20  Baneling x3  
  33  4:36  Unknown, Hatchery  
  33  4:38  Overlord  
  32  4:43  Baneling  
  32  4:44  Baneling x2  
  32  4:53  Overlord  
  32  5:11  Drone  
  32  5:12  Drone x2  
  33  5:33  Drone x4  
  27  5:48  Unknown  
Tags
 
Add a new tag
Caveats
  • Supply blocks, unpowered buildings, or Contaminate may cause inaccurate times.
  • Supply counts are checked every 10 seconds.